AoeStats
← Ndrangheta

Lombardia

508518792Analyzed
2v2 RM · 10d ago on Sep 22, 2026· 53m 7s· 4 players
Game mode
Random Map
Map size
Medium (4 player)
Population
200
Speed
Normal
Resources
Standard
Victory
Conquest
Starting age
Dark Age
Ending age
Imperial Age
RankedLock teamsTeams togetherTeam positionsShared explorationLock speedFull tech treeHidden civsTurbo modeCheats
Victory
Defeat
🇦🇷 Random · Argentina
1384
+18
🇦🇷 Random · Argentina
1356
+19
🇬🇧 Mongols · United Kingdom
1513
-22
🇬🇧 Random · United Kingdom
1342
-15
Caña con ruda
7:05 Loom
9:03 Feudal Age
10:01 Double-Bit Axe
10:57 Horse Collar
14:53 Gold Mining
16:26 Scale Barding Armor
18:26 Castle Age
17:06 Forging
17:07 Bloodlines
19:43 Chain Barding Armor
25:47 Husbandry
26:32 Wheelbarrow
27:21 Bow Saw
28:41 Iron Casting
29:05 Stone Mining
29:16 Heavy Plow
30:51 Town Watch
32:37 Hand Cart
36:36 Imperial Age
38:58 Plate Barding Armor
38:46 Conscription
38:17 Cavalier
38:53 Vendel Legacy
40:11 Fletching
41:16 Elite Jarl
42:22 Guilds
42:36 Light Cavalry
44:31 Chemistry
43:32 Bodkin Arrow
43:58 Ballistics
44:18 Bracer
44:24 Hussar
47:34 Vendel Legacy
51:57 Chemistry
52:02 Blast Furnace
Ndrangheta
7:05 Loom
9:26 Feudal Age
10:06 Double-Bit Axe
15:09 Fletching
15:35 Horse Collar
19:24 Castle Age
19:28 Crossbowman
20:03 Bodkin Arrow
21:39 Gold Mining
22:05 Stone Mining
27:00 Wheelbarrow
26:36 Bow Saw
28:46 Ballistics
31:26 Padded Archer Armor
33:36 Scale Mail Armor
33:47 Forging
37:07 Imperial Age
35:27 Chain Mail Armor
35:10 Elite Skirmisher
37:06 Thumb Ring
37:46 Leather Archer Armor
38:23 Bracer
39:35 Chemistry
42:21 Ring Archer Armor
43:44 Masonry
43:41 Heavy Plow
45:01 Capped Ram
46:53 Hand Cart
46:28 Town Watch
46:42 Siege Ram
48:50 Heavy Mounted Crossbowman
48:51 Cranequins
51:49 Conscription
52:04 Hoardings
Chopper
6:16 Loom
8:22 Feudal Age
9:03 Double-Bit Axe
12:14 Horse Collar
16:21 Wheelbarrow
16:32 Gold Mining
17:13 Stone Mining
19:30 Castle Age
19:30 Forging
19:33 Bloodlines
20:21 Bow Saw
21:14 Heavy Plow
22:52 Fletching
25:13 Bodkin Arrow
27:25 Padded Archer Armor
33:48 Imperial Age
32:03 Ballistics
33:10 Leather Archer Armor
33:02 Husbandry
34:24 Thumb Ring
34:49 Conscription
35:35 Chemistry
36:42 Bracer
37:25 Gold Shaft Mining
37:17 Hand Cart
38:55 Elite Mangudai
40:10 Scale Barding Armor
40:17 Masonry
42:07 Chain Barding Armor
41:27 Light Cavalry
43:08 Parthian Tactics
45:35 Hoardings
44:27 Hussar
46:04 Iron Casting
46:34 Drill
47:45 Blast Furnace
46:36 Capped Ram
47:54 Murder Holes
elitedurasteel
6:54 Loom
9:04 Feudal Age
9:51 Double-Bit Axe
12:55 Wheelbarrow
15:59 Castle Age
15:03 Fletching
17:11 Bow Saw
25:03 Hand Cart
25:10 Bodkin Arrow
27:03 Ballistics
Connection lost

Rejoining the realm…

Still unreachable

The connection could not be restored.

Session expired

The server has moved on; the page needs a fresh start.